Unix NetHack Version 5.0.0-0 post-release - last build May 30 2026 05:04:26 (55804bc15828dd6e32e9076e0726aa6fccb6e981,branch:main).

Game began 2026-05-31 12:20:55, ended 2026-05-31 13:36:41.

Eymerich, chaotic male elven Priest

                         -----------
                         |.........|
                         |.........|
                         |.........|
                  #      |..........#     ------------
                  %      |.........|####  |...........
                  #      |.........|   #  |..........|             #
                  #      --------.--   ###|.(........|             #
                  #              #       #.........<.| ############fa@0
                  #              #        -.----------##           #
                  #          #####         ############             -
                  #         ##
                  #     ----|----
                  ##    |...<...|
                   ###  |.......|
                     ###........|
                        ---------

Eymerich the Adept           St:15 Dx:11 Co:12 In:11 Wi:20 Ch:9  Chaotic
Dlvl:6  $:46 HP:0(41) Pw:103(103) AC:5  Xp:6 T:3775  Burdened

Latest messages:
 What do you want to use or apply? [g-iqrzTUW or ?*]
 Improvise? [ynq] (q)
 You start playing your bugle.
 You extract a loud noise from your bugle.
 The killer bee turns to flee.
 Puffa turns to flee.
 Puffa misses it.
 What do you want to throw? [$kstCGQ or ?*]
 In what direction?
 The aklys hits it.
 The aklys returns to your hand!
 You miss the killer bee.
 The killer bee just misses!
 Puffa misses the killer bee.
 Puffa picks up a dart.
 Puffa misses the killer bee.
 You miss the killer bee.
 Puffa misses it.
 What do you want to throw? [$kstCGQ or ?*]
 In what direction?
 The aklys misses.
 The aklys returns to your hand!
 What do you want to eat? [ewF or ?*]
 This lichen corpse tastes okay.
 You hear someone cursing shoplifters.
 You finish eating the lichen corpse.
 You see here 3 darts.
 You have a little trouble lifting G - 3 darts (34 in total).
 You swap places with Puffa.
 With great effort you move the boulder.
 The killer bee stings!
 Puffa misses the killer bee.
 Puffa misses the killer bee.
 The killer bee stings!
 You hear some noises.
 You miss the killer bee.
 The killer bee stings!
 You miss the killer bee.
 You hit the killer bee!
 The killer bee stings!
 Puffa misses the killer bee.
 Puffa misses the killer bee.
 You miss the killer bee.
 The killer bee stings!
 You miss the killer bee.
 The killer bee stings!
 The killer bee's sting was poisoned!
 You die...
 Do you want your possessions identified? [ynq] (y)
 Do you want to see your attributes? [ynq] (y)

Inventory:
 Coins    ('$')
  $ - 46 gold pieces
 Weapons  (')')
  s - a blessed +0 arrow
  k - 22 +0 arrows (in quiver)
  C - a +0 elven bow (alternate weapon; not wielded)
  G - 34 +0 darts
  Q - 4 +0 daggers
  t - a +0 aklys (tethered to right hand)
 Armor    ('[')
  Z - a +0 dwarvish iron helm (being worn)
  P - a +0 pair of speed boots (being worn)
  L - a +0 mummy wrapping
  b - a +0 robe (being worn)
 Comestibles  ('%')
  e - a clove of garlic
  w - 2 food rations
 Scrolls  ('?')
  y - a scroll of amnesia
  x - a cursed scroll of confuse monster
  D - a scroll of teleportation
 Spellbooks  ('+')
  h - a spellbook of detect food
  z - a spellbook of detect unseen
  U - a spellbook of healing
  g - a spellbook of light
 Potions  ('!')
  J - a potion of confusion
  H - a potion of monster detection
  B - a cursed potion of monster detection
  l - a potion of object detection
  E - a blessed potion of paralysis
  n - a potion of see invisible
  K - a cursed potion of see invisible
  d - 4 potions of holy water
  j - a potion of water
 Wands    ('/')
  q - a wand of cold (0:1)
 Tools    ('(')
  i - a bugle
  r - a leather drum
  T - a stethoscope
  W - a tallow candle
 Gems/Stones  ('*')
  R - a worthless piece of orange glass named soft
  A - a worthless piece of red glass named soft
  v - a worthless piece of yellow glass named soft

Eymerich the Priest's attributes:

Background:
 You were an Adept, a level 6 elven Priest.
 You were chaotic, on a mission for Kos
 who was opposed by Issek (lawful) and Mog (neutral).
 You were right-handed.
 You were in the Dungeons of Doom, on level 6.
 You entered the dungeon 3775 turns ago.
 There was a full moon in effect when your adventure ended.
 You had 415 experience points, 225 more were needed to attain level 7.

Basics:
 You had 0 out of 41 hit points.
 You had all 103 energy points (spell power).
 Your armor class was 5.
 Your wallet contained 46 zorkmids.
 Autopickup was off.

Final Characteristics:
 Your strength was 15 (limit:18).
 Your dexterity was 11 (limit:18).
 Your constitution was 12 (limit:16).
 Your intelligence was 11 (limit:20).
 Your wisdom was 20 (limit:20).
 Your charisma was 9 (limit:18).

Final Status:
 You weren't hungry.
 You were burdened; movement was slightly slowed.
 You were wielding a club.
 You had basic skill with club.

Final Attributes:
 You were piously aligned.
 You were sleep resistant.
 You were telepathic.
 You had infravision.
 You aggravated monsters.
 You were guarded.
 Your spell casting was enhanced by wearing a robe.
 You were very fast.
 You were unlucky.
 You are dead.

Miscellaneous:
 You didn't encounter any bones levels.
 Total elapsed playing time was 1 hour, 15 minutes and 45 seconds.

Major events:
 Turn
    1: Eymerich the chaotic elven Priest entered the dungeon
  945: attained the rank of Acolyte (level 3)
 1608: entered the Gnomish Mines
 2941: attained the rank of Adept (level 6)
 3775: killed by a killer bee

Spells:
 Name                 Level Category     Fail Retention
 light                  1   clerical       0%   81%-90%
 detect food            2   divination    10%  76%-100%

Skills:
 Fighting Skills
   bare handed combat [Unskilled]
 Weapon Skills
   club               [Basic]
   mace               [Basic]
   morning star       [Unskilled]
   flail              [Unskilled]
   hammer             [Unskilled]
   quarterstaff       [Unskilled]
   polearms           [Unskilled]
   spear              [Unskilled]
   trident            [Unskilled]
   lance              [Unskilled]
   bow                [Basic]
   sling              [Unskilled]
   crossbow           [Unskilled]
   dart               [Unskilled]
   shuriken           [Unskilled]
   boomerang          [Unskilled]
   unicorn horn       [Unskilled]
 Spellcasting Skills
   healing spells     [Unskilled]
   divination spells  [Unskilled]
   clerical spells    [Basic]

Voluntary challenges:
 Character rerolling was not enabled.
 You were illiterate.
 You never genocided any monsters.
 You never polymorphed an object.
 You used no wishes.
Achievements:
 You attained the rank of Acolyte.
 You entered a shop.
 You entered the Gnomish Mines.
 You attained the rank of Adept.

 The Dungeons of Doom: levels 1 to 6
    Level 1:
    Level 2: "locked box, locked chest"
    Level 3:
       A weapon shop.
       Stairs down to The Gnomish Mines.
    Level 4: "2 x locked box"
       A fountain.
    Level 5:
       Many fountains.
       Oracle of Delphi.
    Level 6: <- You were here.
       Final resting place for
          you, killed by a killer bee.
 The Gnomish Mines:
    Level 4:


Vanquished creatures:
  a mumak
  a jaguar
  a gnome mummy
  3 rock piercers
  2 rock moles
  2 gnome leaders
  a red naga hatchling
  3 floating eyes
  3 dwarves
  2 hill orcs
  a giant bat
  a werejackal
 an iguana
  2 gas spores
  a large kobold
  a hobgoblin
  3 giant rats
  2 cave spiders
  2 brown molds
  a green mold
  8 gnomes
  a garter snake
  a gecko
 11 jackals
  a fox
  a kobold
  2 goblins
  a sewer rat
  7 grid bugs
  3 lichens
  3 kobold zombies
  3 newts
76 creatures vanquished.

No species were genocided or became extinct.

Game over:
                       ----------
                      /          \
                     /    REST    \
                    /      IN      \
                   /     PEACE      \
                  /                  \
                  |     Eymerich     |
                  |      46 Au       |
                  |   killed by a    |
                  |    killer bee    |
                  |                  |
                  |                  |
                  |       2026       |
                 *|     *  *  *      | *
        _________)/\\_//(\/(/\)/\//\/|_)_______

Goodbye Eymerich the Priest...

You died in The Dungeons of Doom on dungeon level 6 with 1962 points,
and 46 pieces of gold, after 3775 moves.
You were level 6 with a maximum of 41 hit points when you died.

